 Dungeon Crawl Stone Soup version 0.18.1-5-g4a78601 (webtiles) character file.

265 epen the Ruffian (level 6, -1/51 HPs)
             Began as a Ghoul Warper on May 13, 2016.
             Killed from afar by lightmor's ghost (9 damage)
             ... with a puff of flame
             ... on level 3 of the Dungeon.
             The game lasted 00:06:09 (2120 turns).

epen the Ruffian (Ghoul Warper)                     Turns: 2120, Time: 00:06:10

Health: -1/51      AC:  6    Str: 16    XL:     6   Next: 20%
Magic:  5/7        EV: 11    Int:  9    God:
Gold:   113        SH:  0    Dex:  8    Spells: 3 memorised, 2 levels left

rFire  . . .     SeeInvis .       - Unarmed
rCold  + . .     Gourm    .     t - +0 ring mail
rNeg   + + +     Faith    .     (no shield)
rPois  ∞         Spirit   .     (no helmet)
rElec  .         Dismiss  .     A - +0 cloak
rCorr  .         Reflect  .     (no gloves)
SustAt .         Harm     .     (no boots)
MR     .....                    (no amulet)
Stlth  ..........               (no ring)
                                (no ring)

@: rotting, not resistant to hostile enchantments, extremely unstealthy
A: rotting body, claws 1, carnivore 3, cold resistance 1, negative energy
resistance 3, slow regeneration 1, torment resistance, unbreathing
a: no special abilities


You were on level 3 of the Dungeon.
You were not hungry.

You visited 1 branch of the dungeon, and saw 3 of its levels.

You collected 113 gold pieces.

Inventory:

Missiles
 d - 5 tomahawks of dispersal (quivered)
Armour
 a - a +0 leather armour
 t - a +0 ring mail (worn)
 A - a +0 cloak (worn)
Wands
 s - a wand of flame (28/48)
 x - a wand of iceblast (3/15)
Scrolls
 c - a scroll of blinking
 g - 4 scrolls of identify {unknown}
 j - 4 scrolls of teleportation {unknown}
 k - 4 scrolls of remove curse {unknown}
 l - a scroll of fog {unknown}
 o - 3 scrolls of fear {unknown}
 q - a scroll of enchant armour {unknown}
 u - a scroll of magic mapping {unknown}
 v - a scroll of recharging {unknown}
 y - a scroll of amnesia {unknown}
Potions
 e - 2 potions of might {unknown}
 h - a potion of agility {unknown}
 i - 2 potions of degeneration {unknown}
 p - a potion of lignification {unknown}
 r - a potion of flight {unknown}
 z - a potion of ambrosia {unknown}
Books
 b - a book of Spatial Translocations

   Spells                             Type                      Level
   a - Apportation                    Translocation                1
   b - Blink                          Translocation                2
   c - Shroud of Golubria             Charms/Translocation         2
   d - Portal Projectile              Translocation                3
   e - Teleport Other                 Translocation                3
   f - Passage of Golubria            Translocation                4
Comestibles
 f - a meat ration
 m - 2 slices of pizza
 n - a royal jelly
 w - a beef jerky


   Skills:
 + Level 3.2 Fighting
 - Level 0.8 Throwing
 + Level 2.1 Armour
 * Level 3.1 Dodging
 * Level 3.8 Unarmed Combat
 - Level 1.7 Spellcasting
 * Level 3.7 Translocations


You had 2 spell levels left.
You knew the following spells:

 Your Spells              Type           Power        Failure   Level  Hunger
a - Apportation           Tloc           #.........   14%         1    ##.....
b - Blink                 Tloc           N/A          21%         2    ###....
c - Teleport Other        Tloc           #.......     43%         3    ####...


Dungeon Overview and Level Annotations

Branches:
Dungeon (3/15)

Altars:

Annotations:
D:3 lightmor's ghost, amateur DEFE


Innate Abilities, Weirdness & Mutations

Your body is rotting away.
You thrive on raw meat.
You are immune to poison.
You have sharp fingernails.
You are carnivorous and can eat meat at any time.
Your flesh is cold resistant.
You are immune to negative energy.
You regenerate slowly when monsters are visible.
You are immune to unholy pain and torment.
You can survive without breathing.


Message History

Aim: lightmor's ghost (chance to defeat MR: 30%) Lightmor's ghost easily resists.
A goblin comes into view. It is wielding a club.
The goblin shouts!
Lightmor's ghost wails, "You will join me soon!"
Lightmor's ghost gestures at you while chanting.
The puff of flame hits you!
You scratch the goblin.
The goblin is heavily wounded.
The goblin barely misses you.
Lightmor's ghost points at you and mumbles some strange words.
The puff of flame hits you! The goblin hits you with a club.
Lightmor's ghost gestures at you while chanting.
The puff of flame hits you!
* * * LOW HITPOINT WARNING * * *
Lightmor's ghost casts a spell at you. The puff of flame misses you.
Lightmor's ghost gestures at you while chanting.
The puff of flame hits you!
You die...

. .. ... ..#
...$###########.##
#.........Wg.#..#####
#####.@#####.#.....<. .
####.##...........# ..
........####.....#
...#####..#....###..
#.######...##†#
#....####...#.#
....#####......#.#.#
...)......#....†..#
...#####†.######........


You could see lightmor's ghost and a goblin.

Vanquished Creatures
  A scorpion (D:3)
  Crazy Yiuf (D:2)
  Jessica (D:2)
  Terence (D:2)
  4 adders (D:2)
  3 gnolls (D:2)
  An ooze (D:2)
  3 worms (D:2)
  3 dart slugs (D:1)
  2 giant geckos
  2 orcs (D:3)
  9 bats
  3 giant cockroaches (D:2)
  2 goblins
  4 hobgoblins
  3 jackals (D:1)
  3 kobolds
  2 ball pythons
  2 giant newts
  9 rats
59 creatures vanquished.

Notes
Turn   | Place    | Note
--------------------------------------------------------------
     0 | D:1      | epen the Ghoul Warper began the quest for the Orb.
     0 | D:1      | Reached XP level 1. HP: 17/17 MP: 2/2
    19 | D:1      | Reached skill level 1 in Armour
    85 | D:1      | Reached XP level 2. HP: 23/24 MP: 3/3
    94 | D:1      | Learned a level 2 spell: Blink
   525 | D:2      | Reached XP level 3. HP: 20/30 MP: 4/4
   735 | D:2      | Noticed Terence
   743 | D:2      | Killed Terence
   743 | D:2      | Reached XP level 4. HP: 34/37 MP: 5/5
   944 | D:2      | Noticed Jessica
   951 | D:2      | Killed Jessica
  1016 | D:2      | Reached XP level 5. HP: 37/44 MP: 6/6
  1625 | D:2      | Found a faded altar to an unknown god.
  1796 | D:2      | Noticed Crazy Yiuf
  1812 | D:2      | Killed Crazy Yiuf
  2033 | D:3      | Reached XP level 6. HP: 49/51 MP: 7/7
  2047 | D:3      | Learned a level 3 spell: Teleport Other
  2092 | D:3      | Noticed lightmor's ghost (amateur DEFE)
  2120 | D:3      | Killed from afar by lightmor's ghost

Skill      XL: |  1  2  3  4  5 |
---------------+----------------+-----
Armour         | 1 2 |  2.1
Dodging        | 2 3 |  3.1
Translocations | 3 |  3.7
Unarmed Combat | 3 |  3.8
Fighting       | 3 |  3.2
Throwing       | |  0.8
Spellcasting   | |  1.7

Action                   |  1- 3 |  4- 6 || total
-------------------------+-------+-------++-------
Melee: Unarmed           |    64 |   201 ||   265
       Punch             |       |     3 ||     3
 Cast: Teleport Other    |       |     1 ||     1
  Eat: Chunk             |     4 |    22 ||    26
Armor: Leather armour    |    15 |       ||    15
       Ring mail         |       |    68 ||    68
Dodge: Dodged            |    48 |   122 ||   170
